 Dungeon Crawl Stone Soup version 0.31-a0-1308-ga3cce3a448 (webtiles) character file.

Game seed: 18031551085506923043

4893 LeprechaunX the Mimic (level 10, -1/63 (69) HPs)
             Began as an Octopode Shapeshifter on Dec 19, 2023.
             Was an Initiate of Ashenzari.
             Slain by an orc wizard
             ... wielding a +0 dagger
              (4 damage)
             ... on level 8 of the Dungeon.
             The game lasted 00:16:11 (8443 turns).

LeprechaunX the Mimic (Octopode Shapeshifter)       Turns: 8443, Time: 00:16:12

HP:   -1/63 (69)    AC:  3    Str: 17    XL:     10   Next: 51%
MP:   10/10         EV: 12    Int: 12    God:    Ashenzari [......]
Gold: 357           SH:  9    Dex: 13    Spells: 9/9 levels left

rFire   + +          .
                       - Unarmed
rCold   x . .        m - +0 kite shield
rNeg    + . .        (helmet currently unavailable)
rPois   .            d - amulet of the acrobat
rElec   .            l - ring of protection from fire
rCorr   .            u - ring "Chained Sorrow" {rN+, Melee, Range} (curse)
SInv    .            D - ring of fire
Will    .....        (no ring)
Stlth   ++           (no ring)
HPRegen 0.30/turn    (no ring)
MPRegen 0.12/turn    (no ring)
                     (no ring)

%: acrobat
@: beast-form, drained
A: beast (slay +4), almost no armour, amphibious, 8 rings, camouflage 1,
gelatinous body 1, (nimble swimmer 1), tentacles, iridescent scales 1, subdued
magic 1
a: Begin Untransformation, Renounce Religion, Shatter the Chains


You were on level 8 of the Dungeon.
You worshipped Ashenzari.
Ashenzari was noncommittal.
You were a hulking beast.
You visited 1 branch of the dungeon, and saw 8 of its levels.
You also visited: Ossuary.

You collected 357 gold pieces.

Inventory:

Hand Weapons
 a - a +0 sling
Missiles
 h - a throwing net
 E - 2 boomerangs
Armour
 m - a +0 kite shield (worn)
 o - a +0 buckler
Jewellery
 d - an amulet of the acrobat (around mantle)
 l - a ring of protection from fire (left tentacle)
 u - the cursed ring "Chained Sorrow" (right tentacle) {rN+, Melee, Range}
   (You found it on level 4 of the Dungeon)

   [ring of positive energy]

   rN+:       It protects you from negative energy.
   It has a curse which improves the following skills: Melee Combat: Short
   Blades, Long Blades, Axes, Maces & Flails, Polearms, Staves and Unarmed
   Combat.
   Ranged Combat: Ranged Weapons and Throwing.
 D - a ring of fire (on tentacle)
Talismans
 b - a beast talisman
 c - a flux talisman
Wands
 r - a wand of flame (59)
Scrolls
 e - a scroll of immolation {unknown}
 g - 9 scrolls of identify {unknown}
 i - a scroll of silence {unknown}
 j - 3 scrolls of revelation {unknown}
 k - a scroll of acquirement {unknown}
 n - a scroll of amnesia {unknown}
 t - 2 scrolls of blinking {unknown}
 w - a scroll of enchant weapon {unknown}
 x - 3 scrolls of fog {unknown}
 y - a scroll of torment {unknown}
 A - 3 scrolls of teleportation {unknown}
 B - a scroll of poison {unknown}
 H - 2 scrolls of vulnerability {unknown}
Potions
 f - 2 potions of haste {unknown}
 p - 5 potions of curing
 q - a potion of brilliance {unknown}
 s - a potion of enlightenment {unknown}
 v - a potion of berserk rage {unknown}
 z - a potion of mutation
 C - a potion of resistance {unknown}
 F - a potion of attraction {unknown}
 G - a potion of degeneration {unknown}
 I - 2 potions of invisibility {unknown}
 J - a potion of heal wounds {unknown}


   Skills:
 + Level 6.4 Fighting
 - Level 3.0(3.3) Throwing
 + Level 2.4 Dodging
 + Level 5.3 Shields
 + Level 6.2(6.6) Unarmed Combat
 + Level 6.3 Evocations
 * Level 8.9 Shapeshifting


You had 9 spell levels left.
You didn't know any spells.
Your spell library contained the following spells:

 Spells                   Type           Power      Damage    Failure   Level
 Shock                    Conj/Air       0%         1d3       58%         1
 Slow                     Hex            0%         N/A       58%         1
 Confusing Touch          Hex            0%         N/A       92%         3
 Ignite Poison            Fire/Tmut/Pois 0%         N/A       92%         3
 Sigil of Binding         Hex            0%         N/A       92%         3
 Swiftness                Air            0%         N/A       92%         3
 Vampiric Draining        Necr           0%         2d6       92%         3
 Airstrike                Air            0%         2d(0-16)  100%        4
 Sticky Flame             Conj/Fire      0%         2d3       100%        4
 Ignition                 Fire           0%         3d3       100%        8


Dungeon Overview and Level Annotations

Branches:
Dungeon (8/15)             Temple (0/1) D:6         Ossuary (visited)
   Lair: D:8-11

Altars:
Ashenzari
Dithmenos
Elyvilon
Makhleb
Ru
Sif Muna
Uskayaw
Vehumet
Wu Jian

Shops:
D:6 *


Innate Abilities, Weirdness & Mutations

You are a hulking beast.
Your limbs bulge with bestial killing power. (Slay +4)
You cannot wear most types of armour.
You are amphibious.
You can wear up to eight rings at the same time.
Your skin changes colour to match your surroundings (Stealth+).
Your rubbery body absorbs attacks. (AC +1, EV +1)
((You are camouflaged when in or above water. (Stealth+)))
You have tentacles for arms and can constrict up to eight enemies at once.
You are partially covered in iridescent scales. (AC +2)
Your spells are a little easier to cast, but a little less powerful.


Message History

You constrict the orc wizard, but do no damage.
The wight closely misses you.
The orc wizard gestures at you while chanting.
You easily resist.
Unknown command.
You bludgeon the orc wizard!
You kill the orc wizard!
The wight hits you from afar with a +3 halberd!
You partially resist.
You feel drained.
* * * LOW HITPOINT WARNING * * *
Unknown command.
You block the orc's attack. The wight barely misses you.
Things that are here:
a +0 falchion; a +0 robe Unknown command.
You bludgeon the wight! You grab the wight.
You squeeze the wight, but do no damage.
The wight is heavily damaged.
You constrict the wight, but do no damage.
The orc hits you with a +0 club.
* * * LOW HITPOINT WARNING * * *
The wight closely misses you.
You tentacle-slap the wight but do no damage.
The wight is heavily damaged.
You constrict the wight.
The orc throws a stone.
The stone closely misses you. The wight hits you with a +3 halberd!
* * * LOW HITPOINT WARNING * * *
You partially resist.
You feel drained.
* * * LOW HITPOINT WARNING * * *
The wight hits you with a +3 halberd.
* * * LOW HITPOINT WARNING * * *
You partially resist.
You feel drained.
* * * LOW HITPOINT WARNING * * *
The orc barely misses you.
Unknown command.
It was a potion of mutation.
You feel extremely strange.
Iridescent scales grow over part of your body.
Your connection to magic feels subdued.
You constrict the wight. Something hits you.
You die...

#.#.##.... ##.#.##
.........# #....#
........)# #.####
..y..yy<.# #.#
.........####.#
#.#.#)....#...##
y.............o###
#.#.#.......##o{o#
............####h#
#.#o#......##
#z####
....[..##..#
###zz..###
.......##..#
#........#
.#.....##..#
#........#
#........#
#..........#
....#.#.#....#
...............#


You could see 3 wights and 3 orcs.

Vanquished Creatures
  A two-headed ogre (D:6)
  Maurice (D:7)
  Maggie (D:7)
  Eustachio (D:6)
  Sigmund (D:4)
  2 wraiths (Ossuary)
  Menkaure (D:7)
  A water moccasin (D:7)
  Duvessa (D:7)
  An ice beast (D:5)
  A black bear (D:5)
  An orc warrior (D:6)
  A centaur (D:4)
  4 phantoms
  2 bullfrogs
  2 kobold brigands
  7 scorpions
  7 wights
  Dowan (D:7)
  4 howler monkeys
  4 jellies
  6 hounds
  4 orc priests
  2 gnoll boudas (D:7)
  An iguana (D:5)
  Terence (D:3)
  3 orc wizards
  3 adders
  3 gnolls (D:7)
  2 shadow imps
  2 white imps
  3 adder zombies (Ossuary)
  A worm (D:2)
  5 dart slugs
  19 orcs
  7 ball pythons
  7 bats
  5 endoplasms
  5 giant cockroaches
  6 goblins
  10 hobgoblins
  2 jackals (D:3)
  20 kobolds
  3 quokkas
  4 frilled lizards
  A hobgoblin skeleton (Ossuary)
  4 kobold zombies (Ossuary)
  An orc skeleton (Ossuary)
  An orc zombie (Ossuary)
  3 rats (D:1)
179 creatures vanquished.

Notes
Turn   | Place    | Note
-------+----------+-------------------------------------------
     0 | D:1      | LeprechaunX the Octopode Shapeshifter began the quest for
                  | the Orb.
     0 | D:1      | Reached XP level 1. HP: 13/13 MP: 1/1
   235 | D:1      | Reached XP level 2. HP: 18/18 MP: 2/2
   331 | D:1      | Reached XP level 3. HP: 23/23 MP: 3/3
  1704 | D:3      | Reached XP level 4. HP: 29/29 MP: 4/4
  1748 | D:3      | Found a faded altar of an unknown god.
  2285 | D:3      | Noticed Terence
  2293 | D:3      | Killed Terence
  2294 | D:3      | Reached skill level 1 in Throwing
  2294 | D:3      | Reached skill level 4 in Shapeshifting
  2294 | D:3      | Reached XP level 5. HP: 34/34 MP: 5/5
  2370 | D:3      | Reached skill level 1 in Shields
  2665 | D:4      | Reached XP level 6. HP: 30/41 MP: 6/6
  2803 | D:4      | Found a shimmering blue altar of Sif Muna.
  2936 | D:4      | Found a broken altar of Ashenzari.
  3062 | D:4      | Became a worshipper of Ashenzari the Shackled
  3099 | D:4      | Reached skill level 1 in Evocations
  3162 | D:4      | Noticed Sigmund
  3182 | D:4      | Reached XP level 7. HP: 37/45 MP: 7/7
  3199 | D:4      | Killed Sigmund
  3200 | D:4      | Reached skill level 5 in Shapeshifting
  3306 | D:4      | Found a white marble altar of Elyvilon.
  3798 | D:5      | Entered Level 5 of the Dungeon
  4025 | D:5      | Found an ornate altar of the Wu Jian Council.
  4126 | D:5      | Reached XP level 8. HP: 44/53 MP: 8/8
  4455 | D:5      | Reached skill level 6 in Shapeshifting
  4711 | D:5      | Reached skill level 5 in Unarmed Combat
  4880 | D:6      | Found Xaidghue's Gadget Gallery.
  5101 | D:6      | Found a shadowy altar of Dithmenos.
  5251 | D:6      | Noticed a two-headed ogre
  5263 | D:6      | Killed a two-headed ogre
  5264 | D:6      | Reached skill level 7 in Shapeshifting
  5264 | D:6      | Reached XP level 9. HP: 37/60 MP: 9/9
  5363 | D:6      | Found a burning altar of Makhleb.
  5392 | D:6      | Found a staircase to the Ecumenical Temple.
  5486 | D:6      | Noticed Eustachio
  5491 | D:6      | Reached skill level 5 in Fighting
  5495 | D:6      | Killed Eustachio
  5563 | D:6      | Noticed a +0 dagger
  5563 | D:6      | Noticed a +0 hand axe
  5571 | D:6      | Found a hide-covered altar of Uskayaw.
  6200 | D:7      | Found a sand-covered staircase.
  6233 | Ossuary  | Entered an ossuary
  6461 | Ossuary  | Reached skill level 5 in Evocations
  6853 | D:7      | Noticed Maurice
  6955 | D:7      | Reached skill level 5 in Shields
  6990 | D:7      | Reached skill level 8 in Shapeshifting
  6990 | D:7      | Reached XP level 10. HP: 51/68 MP: 10/10
  7091 | D:7      | Noticed Menkaure
  7098 | D:7      | Killed Menkaure
  7213 | D:7      | Noticed Duvessa
  7214 | D:7      | Noticed Maggie
  7216 | D:7      | Noticed Dowan
  7235 | D:7      | Killed Duvessa
  7249 | D:7      | Killed Dowan
  7256 | D:7      | Killed Maggie
  7731 | D:7      | Something stole 219 gold
  7732 | D:7      | Something stole a throwing net
  7733 | D:7      | Something stole a beast talisman
  7735 | D:7      | Something stole a +0 buckler
  7737 | D:7      | Something stole a +0 sling
  8029 | D:7      | Found a sacrificial altar of Ru.
  8041 | D:7      | Found a radiant altar of Vehumet.
  8101 | D:7      | Maurice stole 126 gold
  8105 | D:7      | Killed Maurice
  8442 | D:8      | HP: 3/63 [wight/+3 halberd (1)]
  8443 | D:8      | Gained mutation: You are partially covered in iridescent
                  | scales. (AC +2) [potion of mutation]
  8443 | D:8      | Gained mutation: Your spells are a little easier to cast,
                  | but a little less powerful. [potion of mutation]
  8443 | D:8      | Slain by an orc wizard

Illustrated notes

Levels and vault maps discovered:
D:1:      evilmike_arrival_hilbert_curve, layout_loops_ring, serial_glass,
          glass_columns_a, glass_columns_c, feat_on_display
D:2:      layout_loops_ring
D:3:      layout_basic, dreamdust_ecumenical_altar_angels_and_demons,
          hangedman_abyss_or_decor_stabs, uniq_terence
D:4:      layout_basic, kennysheep_little_box, mainiacjoe_overflow_boulevard,
          mainiacjoe_overflow_alcove_2, lexackson_kobold_supper, uniq_sigmund
D:5:      minmay_angry_zag, layout_gridville, nzn_wu_jian_contemplation
D:6:      layout_gridville, dancing_weapons_uskayaw, general_overflow_altar,
          grunt_dithmenos_shadows, minmay_temple_entry_waves, st_stairs_10,
          nicolae_shop_gadgets, uniq_eustachio
D:7:      layout_cave_pools, amethyst_overflow_temple_binary, enter_ossuary_2,
          serial_bayou_pond_b, sigmund_army, uniq_duvessa, uniq_menkaure,
          uniq_maurice, uniq_maggie
D:8:      layout_rooms, grunt_lair_entry_orc_guard_hut, serial_glass,
          glass_columns_b, glass_columns_b, glass_columns_a, glass_columns_b,
          glass_columns_b, glass_columns_b, glass_columns_c, glass_columns_c

Skill      XL: |  1  2  3  4  5  6  7  8  9 10 |
---------------+-------------------------------+-----
Fighting       | 2 3 4 5 6 |  6.4
Throwing       | 1 2 3 |  3.0
Shapeshifting  | 4 5 7 8 |  8.9
Shields        | 1 2 4 5 |  5.3
Unarmed Combat | 4 5 6 |  6.2
Evocations     | 1 2 4 5 6 |  6.3
Dodging        | |  2.4

Action                     |  1- 3 |  4- 6 |  7- 9 | 10-12 || total
---------------------------+-------+-------+-------+-------++-------
  Melee: Unarmed           |    74 |    76 |   250 |   111 ||   511
         Constrict         |    24 |    24 |    42 |    24 ||   114
         Tentacles         |    12 |    23 |    73 |    20 ||   128
         Punch             |     1 |       |     7 |     6 ||    14
   Fire: Sling             |       |       |    24 |     6 ||    30
  Throw: Throwing net      |       |       |     4 |       ||     4
         Dart              |       |       |     1 |       ||     1
 Invoke: Curse Item        |       |       |       |     1 ||     1
  Evoke: Wand              |       |       |       |     4 ||     4
    Use: Potion            |       |       |       |     3 ||     3
   Stab: Sleeping          |    10 |     1 |     6 |       ||    17
         Distracted        |       |     1 |       |       ||     1
         Held in net/web   |       |       |     2 |       ||     2
 Armour: Skin              |    13 |    29 |    75 |    84 ||   201
  Dodge: Dodged            |    57 |    44 |    86 |    43 ||   230
  Block: Buckler           |       |    14 |    24 |     9 ||    47
         Kite shield       |       |       |       |    28 ||    28

Table legend: (Time is in decaauts)
 A = Elapsed time spent in this place.
 B = Non-inter-level travel time spent in this place.
 C = Inter-level travel time spent in this place.
 D = Time resting spent in this place.
 E = Time spent auto-exploring this place.
 F = Levels seen in this place.
 G = Mean time per level.
                   A        B        C        D        E       F      G
               +--------+--------+--------+--------+--------+-----+--------+
         Total |   8444 |   7962 |    482 |   1196 |   5264 |   9 |  938.2 |
       Dungeon |   7938 |   7456 |    482 |   1196 |   4918 |   8 |  992.2 |
       Ossuary |    506 |    506 |      0 |      0 |    346 |   1 |  506.0 |
               +--------+--------+--------+--------+--------+-----+--------+

Top non-repeatable levels by time:
     D:6: 1491 daAuts
     D:7: 1417 daAuts
     D:4: 1217 daAuts
     D:5: 1066 daAuts
     D:3: 894 daAuts
     D:1: 859 daAuts
     D:2: 817 daAuts
 Ossuary: 506 daAuts
     D:8: 174 daAuts
